 Dungeon Crawl Stone Soup version 0.17.2-1-ge4368a0 (webtiles) character file.

129 Goblin1989 the Insei (level 5, -1/28 HPs)
             Began as a Vine Stalker Monk on Oct 13, 2016.
             Was a Believer of Makhleb.
             Slain by Prince Ribbit (8 damage)
             ... on level 6 of the Dungeon.
             The game lasted 00:07:33 (907 turns).

Goblin1989 the Insei (Vine Stalker Monk)             Turns: 907, Time: 00:07:33

Health: -1/28      AC:  9    Str: 15    XL:     5   Next: 12%
Magic:  0/6        EV:  6    Int: 10    God:    Makhleb [**....]
Gold:   92         SH:  4    Dex: 16    Spells: 0 memorised, 4 levels left

rFire  . . .     SeeInvis .       - Unarmed
rCold  . . .     Clarity  .     f - +0 chain mail
rNeg   . . .     SustAt   .     g - +0 buckler
rPois  .         Gourm    .     p - +0 helmet (curse)
rElec  .         Spirit   +     (no cloak)
rCorr  .         Warding  .     (no gloves)
rMut   .         Stasis   .     (no boots)
MR     .....                    (no amulet)
Stlth  ..........               (no ring)
                                (no ring)

@: not resistant to hostile enchantments, extremely unstealthy
A: fangs 2, regeneration 1, magic shield, antimagic bite, no device heal 3, rot
immunity
a: Minor Destruction, Renounce Religion


You were on level 6 of the Dungeon.
You worshipped Makhleb.
Makhleb was pleased with you.
You were not hungry.

You visited 2 branches of the dungeon, and saw 8 of its levels.

You collected 92 gold pieces.

Inventory:

Armour
 f - a +0 chain mail (worn)
 g - a +0 buckler (worn)
 p - a cursed +0 helmet (worn)
Jewellery
 t - an uncursed ring of teleportation
Scrolls
 a - 2 scrolls of amnesia {unknown}
 c - 2 scrolls of remove curse {@r2}
 e - 3 scrolls of identify {unknown}
 h - a scroll of recharging
 i - 2 scrolls of teleportation {unknown}
 j - a scroll of noise {unknown}
 q - a scroll of enchant armour {unknown}
Potions
 d - a potion of degeneration {unknown}
 k - a potion of curing {unknown}
 l - a potion of mutation {unknown}
 m - a potion of poison {unknown}
 n - a potion of magic {unknown}
 o - a potion of heal wounds {unknown}
Comestibles
 b - a bread ration {@e1}


   Skills:
 + Level 3.2 Fighting
 + Level 1.3 Armour
 - Level 2.4 Dodging
 - Level 2.4 Stealth
 + Level 1.3 Shields
 * Level 5.2 Unarmed Combat


You had 4 spell levels left.
You didn't know any spells.

Dungeon Overview and Level Annotations

Branches:
Dungeon (7/15)             Temple (1/1) D:4

Altars:
Ashenzari
Cheibriados
Dithmenos
Kikubaaqudgha
Makhleb
Ru
Trog
Vehumet
Xom
Yredelemnul
Zin
The Shining One

Annotations:
D:2 Sigmund
D:6 Goblin1989's ghost, novice DsFi; Prince Ribbit


Innate Abilities, Weirdness & Mutations

You have extremely sharp teeth.
Your natural rate of healing is unusually fast.
When hurt, damage is shared between your health and your magic reserves.
Your bite disrupts and absorbs the magic of your enemies.
Potions and wands cannot restore your health.
You are immune to rotting.


Message History

Prince Ribbit is lightly wounded.
Prince Ribbit blinks!
A shadow imp comes into view.
The shadow imp shouts, "Slither away, thou feeble hasty-witted bugbear!"
Goblin1989's ghost (novice Demonspawn Fighter) comes into view.
Goblin1989's ghost turns its malevolent gaze towards you.
Prince Ribbit hits you but does no damage.
You closely miss Prince Ribbit.
Your bite passes through Prince Ribbit as he momentarily phases out.
Prince Ribbit is lightly wounded.
Prince Ribbit hits you!
* * * LOW HITPOINT WARNING * * *
You take 10 damage, and have 6/28 hp.
MASSIVE DAMAGE!!
You now have 1/6 mp.
Prince Ribbit barely misses you.
You hit Prince Ribbit. Your bite misses Prince Ribbit.
Prince Ribbit is lightly wounded.
Prince Ribbit hits you but does no damage.
The shadow imp grins evilly.
Prince Ribbit hits you!
You die...

ਜ ਜ. ਜ. ...
ਜ.ਜਜਜਜਜਜ ....
......ਜਜਜ[...
ਜਜ▲ਜ...........
ਜ..............
ਜ.......W......
ਜ..............
ਜਜ>...@F5......
ਜਜਜ...........
ਜ.............
ਜ.............
ਜ.........!...
ਜ....ਜਜਜਜਜਜਜਜਜ
ਜਜਜ... ਜ...


You could see Prince Ribbit, Goblin1989's ghost and a shadow imp.

Vanquished Creatures
  Ijyb (D:2)
  An orc wizard (D:5)
  The ghost of Goblin1989 the Skirmisher, a weakling DsAK of Lugonu (D:3)
  A hound skeleton (D:4)
  A gnoll (D:6)
  An adder (D:2)
  2 worms
  A giant gecko (D:2)
  An orc (D:6)
  3 giant cockroaches
  A goblin (D:3)
  A hobgoblin (D:1)
  3 kobolds
  2 quokkas
  4 giant newts
24 creatures vanquished.

Notes
Turn   | Place    | Note
--------------------------------------------------------------
     0 | D:1      | Goblin1989 the Vine Stalker Monk began the quest for the Orb.
     0 | D:1      | Reached XP level 1. HP: 11/11 MP: 2/2
   202 | D:2      | Reached XP level 2. HP: 16/16 MP: 3/3
   243 | D:2      | Noticed Ijyb
   324 | D:2      | Killed Ijyb
   324 | D:2      | Reached XP level 3. HP: 19/19 MP: 4/4
   394 | D:2      | Noticed Sigmund
   506 | D:3      | Noticed Goblin1989's ghost (weakling DsAK)
   523 | D:3      | Killed Goblin1989's ghost
   523 | D:3      | Reached skill level 1 in Armour
   523 | D:3      | Reached skill level 1 in Shields
   523 | D:3      | Reached XP level 4. HP: 9/24 MP: 1/5
   681 | D:4      | Reached skill level 5 in Unarmed Combat
   693 | D:5      | Entered Level 5 of the Dungeon
   724 | D:4      | Found a staircase to the Ecumenical Temple.
   755 | Temple   | Entered the Ecumenical Temple
   787 | Temple   | Became a worshipper of Makhleb the Destroyer
   787 | Temple   | Reached * piety under Makhleb
   787 | Temple   | Reached ** piety under Makhleb
   814 | D:5      | Noticed a phantom
   844 | D:5      | Reached XP level 5. HP: 28/28 MP: 4/6
   899 | D:6      | Noticed Prince Ribbit
   904 | D:6      | Noticed Goblin1989's ghost (novice DsFi)
   907 | D:6      | Slain by Prince Ribbit

Action                   |  1- 3 |  4- 6 || total
-------------------------+-------+-------++-------
Melee: Unarmed           |   139 |    38 ||   177
  Use: Scroll            |       |     2 ||     2
 Stab: Sleeping          |     1 |       ||     1

Vault maps used:
D:1:      dpeg_cavernosity, corner_web_ring
D:2:      uniq_iyjb, uniq_robin, uniq_sigmund
D:3:      lemuel_doored_altar, uniq_natasha
D:4:      okawaru_altar_gauntlet_db, minmay_temple_entry_trees, first_bread,
          kennysheep_generic_room_14
D:5:      grunt_temple_overflow_open, uniq_crazy_yiuf_cottage, uniq_menkaure
D:6:      minmay_misc_feat_square, uniq_duvessa, uniq_prince_ribbit1
D:7:      basic_altar, minmay_misc_feat_x
Temple:   circular_temple_12
